 Dungeon Crawl Stone Soup version 0.28.0-53-g5a82cb258f (webtiles) character file.

Game seed: 6464925757104158712

47404 sanboga the Minotaur Blade (level 14, -2/127 HPs)
             Began as a Minotaur Berserker on July 17, 2022.
             Was an Elder of Trog.
             Shot with an arrow by a centaur warrior (17 damage)
             ... on level 15 of the Dungeon.
             The game lasted 00:29:22 (17049 turns).

sanboga the Minotaur Blade (Minotaur Berserker)    Turns: 17049, Time: 00:29:22

Health: -2/127     AC: 19    Str: 33    XL:     14   Next: 8%
Magic:  0/22       EV:  9    Int:  4    God:    Trog [****..]
Gold:   1001       SH:  0    Dex: 12    Spells: 13/13 levels left

rFire   + . .      SeeInvis .   a - +6 triple sword (vorpal)
rCold   . . .      Faith    .   (shield currently unavailable)
rNeg    . . .      Spirit   +   j - +1 plate armour {rPois}
rPois   +          Reflect  .   (helmet restricted)
rElec   .          Harm     .   k - +0 cloak
rCorr   .          Rampage  .   (no gloves)
Will    +....                   x - +0 pair of boots of Youthful Indiscretion {rPois rF+ Dex+2}
Stlth   ..........              n - amulet of guardian spirit
HPRegen 0.31/turn               b - ring of magical power
MPRegen 0.18/turn               c - +6 ring of strength

@: on berserk cooldown, slowed, studying Throwing, very slow
A: horns 2, retaliatory headbutt
a: Renounce Religion, Berserk, Trog's Hand, Brothers in Arms


You were on level 15 of the Dungeon.
You worshipped Trog.
Trog was greatly pleased with you.
You visited 1 branch of the dungeon, and saw 15 of its levels.
You also visited: Sewer and Bailey.

You collected 1001 gold pieces.

Inventory:

Hand Weapons
 a - a +6 vorpal triple sword (weapon)
Armour
 j - a +1 plate armour of poison resistance (worn)
 k - a +0 cloak (worn)
 x - the +0 pair of boots of Youthful Indiscretion (worn) {rPois rF+ Dex+2}
   (You acquired it on level 9 of the Dungeon)

   Dex:       It affects your dexterity (+2).
   rF:        It protects you from fire.
   rPois:     It protects you from poison.
Jewellery
 b - a ring of magical power (left hand)
 c - a +6 ring of strength (right hand)
 n - an amulet of guardian spirit (around neck)
 C - a ring of ice
Wands
 h - a wand of charming (14)
 i - a wand of digging (4)
 l - a wand of polymorph (7)
 s - a wand of flame (16)
 u - a wand of iceblast (7)
 y - a wand of mindburst (5)
Scrolls
 e - a scroll of blinking
 v - 3 scrolls of fog
 w - 3 scrolls of teleportation
 B - a scroll of holy word
 F - 3 scrolls of magic mapping
Potions
 d - 4 potions of heal wounds
 f - 2 potions of cancellation
 m - 5 potions of mutation
 o - 4 potions of berserk rage
 p - 4 potions of curing
 q - 2 potions of resistance
 r - a potion of invisibility
 t - a potion of might
 A - 2 potions of haste
 D - a potion of ambrosia {unknown}


   Skills:
 + Level 12.8 Fighting
 * Level 23.1 Long Blades
 + Level 12.4 Armour
 - Level 2.1 Dodging


You had 13 spell levels left.
You didn't know any spells.
Your spell library was empty.

Dungeon Overview and Level Annotations

Branches:
Dungeon (15/15) Temple (0/1) D:6 Lair (0/6) D:8 Orc (0/2) D:11 Vaults (0/5) D:12 D:13 Sewer (visited) Bailey (visited) Depths: D:15

Altars:
Ashenzari
Dithmenos
Kikubaaqudgha
Makhleb
Ru
Trog
Wu Jian
Zin
Beogh

Portals:
Trove: D:13 (give +3 gold dragon scales)


Innate Abilities, Weirdness & Mutations

You have a pair of horns on your head.
You reflexively headbutt those who attack you in melee.


Message History

The deep troll claws you but does no damage.
The deep troll barely misses you.
You slice the orc sorcerer!!
You kill the orc sorcerer!
Trog accepts your kill.
Trog appreciates your killing of a magic user.
You slash the deep troll!
The deep troll is moderately wounded.
The deep troll bites you! The deep troll claws you.
The deep troll claws you but does no damage.
Things that are here:
a +0 dagger; a +2 robe of willpower; an orc corpse You feel a strong urge to attack something.
The deep troll bites you but does no damage.
The deep troll claws you! The deep troll claws you.
You are too injured to fight recklessly!
You are no longer berserk.
You are exhausted.
You feel yourself slow down.
The deep troll bites you but does no damage.
The deep troll claws you!
The deep troll claws you but does no damage.
You slash the deep troll!
The deep troll is heavily wounded.
The deep troll bites you!
* * * LOW HITPOINT WARNING * * *
The deep troll closely misses you. The deep troll claws you!
* * * LOW HITPOINT WARNING * * *
You slice the deep troll like a ripe choko!!!
You kill the deep troll!
Trog accepts your kill.
Things that are here:
4 large rocks; a deep troll corpse; a cyclops corpse A centaur warrior comes into view.
The centaur warrior shouts!
The centaur warrior wields a +0 longbow.
The centaur warrior shoots an arrow.
The arrow hits you!!
* * * LOW HITPOINT WARNING * * *
The centaur warrior shoots an arrow.
The arrow hits you!!
You die...

.#...##...#. ###
#c.........###......
#......#....[......
#......#...........
#......#...........
#..?...#...........
#......#...........
####......@...........
..........#..<†.......
..........#...........
..........############
......)..........
........)(.......
......#..........
........)........
......#..........


You could see a centaur warrior.

Vanquished Creatures
  Rupert (D:12)
  An ettin (D:15)
  5 hydras
  2 boulder beetles (D:13)
  4 centaur warriors
  2 two-headed ogres
  An orc high priest (Bailey)
  Urug (D:13)
  Nergalle (D:12)
  5 skeletal warriors
  2 deep trolls (D:15)
  A wizard (D:15)
  2 orc knights (Bailey)
  2 ugly things
  3 manticores
  A deep elf pyromancer (D:14)
  An orc sorcerer (D:15)
  6 cyclopes
  2 gargoyles
  A kobold demonologist (Bailey)
  A troll (D:10)
  A hornet (D:9)
  Prince Ribbit (D:9)
  A dream sheep (shapeshifter) (D:11)
  2 basilisks
  12 yaks
  5 wyverns (D:8)
  20 humans
  7 vampire mosquitoes
  2 acid dragons
  3 water moccasins
  17 orc warriors
  A sky beast (D:6)
  2 necrophages
  2 ogres
  2 phantoms (D:4)
  12 centaurs
  8 kobold brigands
  A gnoll sergeant (D:8)
  5 bullfrogs
  2 scorpions (D:5)
  A water moccasin zombie (D:6)
  A wyvern skeleton (D:7)
  A water moccasin skeleton (D:4)
  4 killer bees (D:9)
  4 electric eels (Bailey)
  A howler monkey (D:8)
  A bullfrog zombie (D:7)
  4 centaur zombies
  2 hounds
  A jelly (D:8)
  6 orc priests
  Crazy Yiuf (D:2)
  2 gnoll shamans
  A centaur skeleton (D:7)
  4 iguanas
  Jessica (D:3)
  Natasha (twice) (D:3)
  5 orc wizards
  Robin (D:3)
  14 gnolls
  5 adders
  A shadow imp (D:6)
  A white imp (D:7)
  3 ufetubi
  An adder skeleton (D:5)
  A worm (D:3)
  A dart slug (D:1)
  49 orcs
  9 endoplasms
  4 giant cockroaches
  25 goblins
  19 hobgoblins
  4 quokkas
  8 ball pythons
  4 bats
  8 frilled lizards
  59 kobolds
  5 rats
415 creatures vanquished.

Vanquished Creatures (collateral kills)
  An orc knight (D:11)
  3 orc warriors (D:11)
  6 orcs (D:11)
10 creatures vanquished.

Grand Total: 425 creatures vanquished

Notes
Turn   | Place    | Note
-------+----------+-------------------------------------------
     0 | D:1      | sanboga the Minotaur Berserker began the quest for the Orb.
     0 | D:1      | Reached XP level 1. HP: 19/19 MP: 0/0
   146 | D:1      | Reached skill level 4 in Long Blades
   232 | D:1      | Reached XP level 2. HP: 27/27 MP: 1/1
   861 | D:1      | Reached ** piety under Trog
  1148 | D:2      | Reached XP level 3. HP: 33/33 MP: 2/2
  1200 | D:2      | Identified the +5 ring mail of the Other Side {rCorr}
  1464 | D:2      | Found a faded altar of an unknown god.
  1600 | D:2      | Found a runed translucent door.
  1601 | D:2      | Noticed Crazy Yiuf
  1804 | D:2      | Killed Crazy Yiuf
  1924 | D:3      | Reached skill level 5 in Long Blades
  1924 | D:3      | Noticed Robin
  1927 | D:3      | Reached XP level 4. HP: 37/40 MP: 3/3
  1942 | D:3      | Killed Robin
  2035 | D:3      | Noticed Natasha
  2040 | D:3      | Killed Natasha
  2536 | D:3      | Reached *** piety under Trog
  2541 | D:3      | Reached XP level 5. HP: 39/47 MP: 4/4
  2709 | D:3      | Noticed Jessica
  2712 | D:3      | Killed Jessica
  2798 | D:3      | Noticed Natasha
  2807 | D:3      | Killed Natasha
  3352 | D:4      | Reached skill level 6 in Long Blades
  3353 | D:4      | Reached skill level 5 in Fighting
  3426 | D:4      | Reached XP level 6. HP: 48/56 MP: 5/5
  3486 | D:4      | Reached skill level 7 in Long Blades
  3650 | D:4      | Reached skill level 5 in Armour
  3650 | D:4      | Reached XP level 7. HP: 46/62 MP: 6/6
  4216 | D:5      | Entered Level 5 of the Dungeon
  4229 | D:5      | Reached skill level 8 in Long Blades
  4355 | D:5      | Noticed an angel
  4356 | D:5      | Found a glowing silver altar of Zin.
  4389 | D:5      | Reached **** piety under Trog
  4505 | D:5      | Reached XP level 8. HP: 56/71 MP: 7/7
  4717 | D:5      | Found a glowing drain.
  4728 | Sewer    | Entered a sewer
  5042 | Sewer    | Reached skill level 9 in Long Blades
  5509 | D:5      | Reached skill level 16 in Long Blades
  5509 | D:5      | Reached XP level 9. HP: 79/79 MP: 8/8
  5895 | D:6      | Found a burning altar of Makhleb.
  5968 | D:6      | Found a staircase to the Ecumenical Temple.
  6307 | D:6      | Found a broken altar of Ashenzari.
  6307 | D:6      | Found a bloodstained altar of Trog.
  6439 | D:7      | Reached skill level 17 in Long Blades
  6473 | D:7      | Reached ***** piety under Trog
  6500 | D:7      | Reached XP level 10. HP: 83/88 MP: 9/9
  7299 | D:8      | You fall into a shaft and drop 3 floors!
  7299 | D:11     | Noticed an orc knight
  7299 | D:11     | Found a staircase to the Orcish Mines.
  7306 | D:11     | Killed an orc knight
  7410 | D:11     | Noticed a gargoyle
  7420 | D:11     | Killed a gargoyle
  7425 | D:10     | Entered Level 10 of the Dungeon
  7662 | D:9      | Found a sacrificial altar of Ru.
  7774 | D:9      | Noticed Prince Ribbit
  7797 | D:9      | Killed Prince Ribbit
  7803 | D:9      | Reached skill level 18 in Long Blades
  7905 | D:9      | Reached XP level 11. HP: 95/97 MP: 10/10
  7954 | D:9      | Found a flagged portal.
  7961 | Bailey   | Entered a bailey
  8050 | Bailey   | Noticed an orc knight
  8050 | Bailey   | Noticed an orc knight
  8055 | Bailey   | an orc knight changed into a cyclops
  8062 | Bailey   | Killed an orc knight
  8069 | Bailey   | Received a gift from Trog
  9019 | Bailey   | Identified the +8 chain mail "Beaczuupt" {Int+5 Dex+4}
  9033 | Bailey   | Found an iron altar of Okawaru.
  9035 | Bailey   | Noticed an orc high priest
  9035 | Bailey   | Noticed an orc knight
  9042 | Bailey   | Killed an orc knight
  9046 | Bailey   | Killed an orc high priest
  9341 | D:9      | Reached skill level 20 in Long Blades
  9341 | D:9      | Reached XP level 12. HP: 106/106 MP: 11/11
  9342 | D:9      | Acquired the +0 pair of boots of Youthful Indiscretion
                  | {rPois rF+ Dex+2}
  9416 | D:9      | Found an ancient bone altar of Kikubaaqudgha.
 10206 | D:8      | Reached skill level 10 in Fighting
 10292 | D:8      | Found a staircase to the Lair.
 10936 | D:10     | Reached skill level 21 in Long Blades
 11014 | D:10     | Noticed a two-headed ogre
 11021 | D:10     | Killed a two-headed ogre
 11022 | D:10     | Reached skill level 10 in Armour
 11408 | D:10     | Found a shadowy altar of Dithmenos.
 11519 | D:11     | Noticed a two-headed ogre
 11524 | D:11     | Killed a two-headed ogre
 11526 | D:11     | Noticed a five-headed hydra
 11533 | D:11     | Killed an eight-headed hydra
 11896 | D:11     | Reached XP level 13. HP: 115/115 MP: 12/12
 12249 | D:11     | Received a gift from Trog
 12568 | D:11     | Identified the +1 scale mail of the Alphagorgon {rF+++ MP-9
                  | Str+4 Int-4}
 13640 | D:12     | Identified the +6 trident of Yfadgh {vorpal, rElec rC+
                  | Will+ rCorr SInv}
 13654 | D:12     | Noticed Nergalle
 13666 | D:12     | Killed Nergalle
 13673 | D:12     | Reached skill level 22 in Long Blades
 14195 | D:13     | Noticed Urug
 14195 | D:13     | Noticed Rupert
 14195 | D:13     | Found a gate to the Vaults.
 14590 | D:12     | Killed Rupert
 14698 | D:13     | Killed Urug
 15502 | D:13     | Found a portal to a secret trove of treasure.
 16477 | D:14     | Found an ornate altar of the Wu Jian Council.
 16972 | D:15     | Entered Level 15 of the Dungeon
 16977 | D:15     | Reached skill level 23 in Long Blades
 17021 | D:15     | Noticed an ettin
 17028 | D:15     | Reached XP level 14. HP: 109/127 MP: 13/13
 17049 | D:15     | Shot with an arrow by a centaur warrior

Illustrated notes

Levels and vault maps discovered:
D:1:      beargit_arrival_greenhouse, layout_basic, minmay_misc_feat_roman,
          chequers_serial_rivers_micro_e
D:2:      layout_loops_ring, shapermc_ecumenical_altar_notcrosses,
          kennysheep_generic_room_14, uniq_crazy_yiuf_cottage
D:3:      cheibrodos_greedy_goblins, layout_loops_cross, chequers_avenue,
          minmay_goblin_kobold_house, uniq_robin, uniq_natasha, uniq_jessica
D:4:      layout_loops_ring, minmay_splitting_lines
D:5:      layout_loops_ring, zin_angel, portal_sewer_entry_d, minmay_circle_x
D:6:      layout_basic, kennysheep_mini, amethyst_overflow_temple_binary,
          temple_green, minmay_tree_intersection, minmay_misc_feat_room,
          minmay_manual_mares
D:7:      layout_rooms
D:8:      layout_basic, erik_lair_dragon
D:9:      layout_basic, lemuel_crystal_altar,
          nicolae_ru_great_annihilating_truth, enter_bailey_2,
          minmay_misc_feat_ornament, uniq_prince_ribbit1
D:10:     layout_basic, marbit_many_paths, minmay_ruffians
D:11:     layout_long_grid, david_orc_5, minmay_variable_closet,
          kennysheep_just_a_vault
D:12:     layout_small_grid, uniq_nergalle
D:13:     layout_irregular_city, david_vaults_3, nicolae_trove_entry_diagonal
D:14:     layout_grid_maze, pdpol_wu_jian_five_deadly_venoms
D:15:     hangedman_depths_entry_civil_slaughter, layout_irregular_city,
          minivault_26, worms_lemuel

Skill      XL: |  1  2  3  4  5  6  7  8  9 10 11 12 13 |
---------------+----------------------------------------+-----
Long Blades    | 4 5 6 7 8 16 17 18 20 21 23 | 23.1
Fighting       | 4 5 6 7 9 10 12 | 12.8
Armour         | 3 4 5 6 7 8 9 10 12 | 12.4
Dodging        | |  2.1

Action                   |  1- 3 |  4- 6 |  7- 9 | 10-12 | 13-15 || total
-------------------------+-------+-------+-------+-------+-------++-------
Melee: Falchion          |    62 |   134 |   184 |       |       ||   380
       Headbutt          |     7 |    19 |    38 |    65 |    42 ||   171
       Punch             |       |     1 |     2 |       |       ||     3
       Scimitar          |       |       |    80 |    48 |       ||   128
       Great sword       |       |       |       |   191 |       ||   191
       Triple sword      |       |       |       |   118 |   198 ||   316
Invok: Berserk           |     1 |       |     2 |     3 |     9 ||    15
       Brothers in Arms  |       |       |       |     1 |       ||     1
Evoke: Wand              |       |       |       |     2 |       ||     2
  Use: Scroll            |       |       |    17 |     8 |     8 ||    33
       Potion            |       |       |     1 |     1 |       ||     2
 Stab: Paralysed         |       |       |       |     1 |       ||     1
Armor: Animal skin       |     6 |       |       |       |       ||     6
       Ring mail         |     6 |    70 |    80 |       |       ||   156
       Plate armour      |       |       |    41 |   164 |   167 ||   372
Dodge: Dodged            |    38 |    81 |   139 |   132 |   118 ||   508
